cohdb
Replays
Latest Replays
All Replays
Popular Replays
Top Player Replays
Match Explorer
How It Works
Community
CoH3 Stats
Reddit
Sign in to upload your games and track your stats! →
Sign in with Steam
Match 39095317
Unlisted
Match 39095317
Overview
Messages
Build Orders
End
Construct Section Command Post
Selects Air and Sea Battlegroup
Dingo Light Scout Car
Infantry Section
Infantry Section
Infantry Section
Vickers Machine Gun Team
Construct Platoon Command Post
6-pounder Anti-tank Gun Team
Infantry Training
Grenade Package
Construct Field Infirmary
Selects Commando Section Paradrop
Selects M1 Pack Howitzer Paradrop
Selects Supply Surplus
Selects Commando Section Paradrop
Selects M1 Pack Howitzer Paradrop
Selects Supply Surplus
Commando Section Paradrop
Grumpy
fnvkdxod
Golden
Dean
Kable
Hummel
KoalaImpala
Tanith's Finest
0
0
Comments
sign in to comment!
No comments posted yet!